 Dungeon Crawl Stone Soup version 0.23.2-33-g5129a83184 (webtiles) character file.

Game seed: 13898183298764928397

239 t4s4d4r the Charmwright (level 6, -2/50 HPs)
             Began as a Gnoll Skald on July 11, 2019.
             Slain by a goblin
             ... wielding a +0 club
             ... led by Robin
              (4 damage)
             ... on level 4 of the Dungeon.
             The game lasted 00:07:58 (3114 turns).

t4s4d4r the Charmwright (Gnoll Skald)               Turns: 3114, Time: 00:07:58

Health: -2/50      AC:  3    Str: 14    XL:     6   Next: 7%
Magic:  13/13      EV: 14    Int: 17    God:
Gold:   88         SH:  0    Dex: 14    Spells: 4/15 levels left

rFire    . . .     SeeInvis .   a - +0 spear
rCold    . . .     Gourm    .   (no shield)
rNeg     + . .     Faith    .   b - +0 leather armour
rPois    .         Spirit   .   (no helmet)
rElec    .         Reflect  .   (no cloak)
rCorr    .         Harm     .   (no gloves)
MR       .....                  (no boots)
Stlth    +++.......             (no amulet)
HPRegen  0.16/turn              l - ring of stealth
MPRegen  0.13/turn              n - ring of positive energy

@: no status effects
A: distributed training, fangs 1, strong nose
a: no special abilities


You were on level 4 of the Dungeon.
You were not hungry.

You visited 1 branch of the dungeon, and saw 4 of its levels.

You collected 88 gold pieces.

Inventory:

Hand Weapons
 a - a +0 spear (weapon)
Missiles
 f - 71 stones (quivered)
Armour
 b - a +0 leather armour (worn)
 h - the +2 leather armour of the Lost Path {Str+5, unknown}
   (You found it on level 4 of the Dungeon)

   It affects your strength (+5).
Jewellery
 l - a ring of stealth (left hand)
 n - a ring of positive energy (right hand)
Scrolls
 c - a scroll of enchant weapon {unknown}
 e - 2 scrolls of noise {unknown}
 j - 2 scrolls of remove curse {unknown}
 k - 4 scrolls of teleportation
 m - a scroll of fog {unknown}
Potions
 g - 2 potions of haste {unknown}
 i - 2 potions of agility {unknown}
 o - a potion of curing
 p - a potion of might {unknown}
Comestibles
 d - 6 rations


   Skills:
 + Level 4.9 Fighting
 + Level 1.7 Short Blades
 + Level 1.7 Long Blades
 + Level 1.7 Axes
 + Level 1.7 Maces & Flails
 + Level 4.9 Polearms
 + Level 1.7 Staves
 + Level 1.7 Slings
 + Level 1.7 Bows
 + Level 1.7 Crossbows
 + Level 1.7 Throwing
 + Level 3.1 Armour
 + Level 4.9 Dodging
 + Level 1.7 Stealth
 + Level 1.7 Shields
 + Level 1.7 Unarmed Combat
 + Level 5.3 Spellcasting
 + Level 1.3 Conjurations
 + Level 1.3 Hexes
 + Level 5.6 Charms
 + Level 1.3 Summonings
 + Level 1.3 Necromancy
 + Level 1.3 Translocations
 + Level 1.3 Transmutations
 + Level 1.3 Fire Magic
 + Level 1.3 Ice Magic
 + Level 1.3 Air Magic
 + Level 1.3 Earth Magic
 + Level 1.3 Poison Magic
 + Level 2.0 Invocations
 + Level 1.7 Evocations


You had 4 spell levels left.
You knew the following spells:

 Your Spells              Type           Power        Failure   Level  Hunger
a - Infusion              Chrm           ###.         1%          1    None
b - Shroud of Golubria    Chrm/Tloc      ###.......   6%          2    #......
c - Spectral Weapon       Hex/Chrm       ###.....     12%         3    ##.....
d - Regeneration          Chrm/Necr      ###.......   12%         3    ##.....
e - Song of Slaying       Chrm           ###.....     2%          2    #......

Your spell library contained the following spells:

 Spells                   Type           Power        Failure   Level  Hunger


Dungeon Overview and Level Annotations

Branches:
Dungeon (4/15)
 Temple: D:4-7

Altars:
Elyvilon
Ru
Vehumet

Shops:
D:4 (

Annotations:
D:4 Robin


Innate Abilities, Weirdness & Mutations

Your experience applies equally to all skills.
You have very sharp teeth.
Your uncanny sense of smell can sniff out nearby items.


Message History

Unknown command.
You hit the goblin.
The goblin is severely wounded.
The hobgoblin no longer looks unusually strong.
The goblin hits you with a +0 club.
* * * LOW HITPOINT WARNING * * *
The goblin misses you.
Robin says, "We wiped out the hill dwarves - you're next!"
You completely miss the goblin.
The goblin is severely wounded.
The goblin hits you with a +0 club.
* * * LOW HITPOINT WARNING * * *
The goblin closely misses you.
Unknown command.
Unknown command.
You barely miss the goblin. Your punch misses the goblin.
The goblin is severely wounded.
The goblin no longer looks unusually strong.
The goblin hits you with a +0 club.
You die...

####### ......##### #. #######
.....8.8.8###.# #.....#####
.####.⌠.⌠..##.# #.###.#...##
.####8.∩.8.##.# #.# #......#####
......⌠.⌠..##.## #.###)#.........
..###8.8.8.#...###g..).##g..####
..###..........g@ggg.###..###..##
......##...#...########)g##.g..g.
...#### #.###.## #.....g# ....#
## #.# #.....## ...## #.# #...g.#
..## ##'## #......# .## ##...##
#..##.... .#### ##.....## #...
##..# .##.## ##.......# #.#( ###


You could see Robin, 2 hobgoblins and 2 goblins.

Vanquished Creatures
  An ogre (D:3)
  5 adders (D:2)
  2 oozes (D:3)
  2 worms (D:3)
  2 dart slugs (D:1)
  2 leopard geckos
  An orc (D:3)
  11 bats
  2 giant cockroaches
  18 goblins
  5 hobgoblins
  5 jackals
  14 kobolds
  A quokka (D:2)
  2 ball pythons
  7 frilled lizards
  10 rats
90 creatures vanquished.

Notes
Turn   | Place    | Note
-------+----------+-------------------------------------------
     0 | D:1      | t4s4d4r the Gnoll Skald began the quest for the Orb.
     0 | D:1      | Reached XP level 1. HP: 20/20 MP: 6/6
   202 | D:1      | Reached XP level 2. HP: 24/26 MP: 2/7
   466 | D:1      | Reached XP level 3. HP: 31/31 MP: 5/9
   490 | D:1      | Reached skill level 5 in Spellcasting
  1023 | D:2      | Reached skill level 1 in Invocations
  1246 | D:2      | Reached skill level 1 in Short Blades
  1246 | D:2      | Reached skill level 1 in Long Blades
  1246 | D:2      | Reached skill level 1 in Axes
  1246 | D:2      | Reached skill level 1 in Maces & Flails
  1246 | D:2      | Reached skill level 1 in Staves
  1246 | D:2      | Reached skill level 1 in Slings
  1246 | D:2      | Reached skill level 1 in Bows
  1246 | D:2      | Reached skill level 1 in Crossbows
  1246 | D:2      | Reached skill level 1 in Throwing
  1246 | D:2      | Reached skill level 1 in Stealth
  1246 | D:2      | Reached skill level 1 in Shields
  1246 | D:2      | Reached skill level 1 in Unarmed Combat
  1246 | D:2      | Reached skill level 1 in Evocations
  1247 | D:2      | Reached XP level 4. HP: 30/38 MP: 3/11
  1616 | D:2      | Found a sacrificial altar of Ru.
  1714 | D:2      | Found a radiant altar of Vehumet.
  1725 | D:2      | Reached skill level 1 in Conjurations
  1725 | D:2      | Reached skill level 1 in Hexes
  1725 | D:2      | Reached skill level 1 in Summonings
  1725 | D:2      | Reached skill level 1 in Necromancy
  1725 | D:2      | Reached skill level 1 in Translocations
  1725 | D:2      | Reached skill level 1 in Transmutations
  1725 | D:2      | Reached skill level 1 in Fire Magic
  1725 | D:2      | Reached skill level 1 in Ice Magic
  1725 | D:2      | Reached skill level 1 in Air Magic
  1725 | D:2      | Reached skill level 1 in Earth Magic
  1725 | D:2      | Reached skill level 1 in Poison Magic
  1895 | D:3      | Found a white marble altar of Elyvilon.
  1900 | D:3      | Reached XP level 5. HP: 41/43 MP: 6/12
  1961 | D:3      | Noticed an ogre
  2112 | D:3      | Learned a level 2 spell: Shroud of Golubria
  2116 | D:3      | Learned a level 3 spell: Spectral Weapon
  2120 | D:3      | Learned a level 3 spell: Regeneration
  2123 | D:3      | Learned a level 2 spell: Song of Slaying
  2195 | D:3      | Killed an ogre
  2333 | D:3      | Reached XP level 6. HP: 50/50 MP: 13/13
  2999 | D:4      | Got a translucent leather armour
  3002 | D:4      | Found Itoe's Antique Weapon Shoppe.
  3064 | D:4      | Noticed Robin
  3113 | D:4      | HP: 2/50 [goblin/+0 club[Robin] (3)]
  3114 | D:4      | Slain by a goblin

Skill      XL: |  1  2  3  4  5  6 |
---------------+-------------------+-----
Spellcasting   | 5 |  5.3
Invocations    | 1 2 |  2.0
Short Blades   | 1 |  1.7
Long Blades    | 1 |  1.7
Axes           | 1 |  1.7
Maces & Flails | 1 |  1.7
Staves         | 1 |  1.7
Slings         | 1 |  1.7
Bows           | 1 |  1.7
Crossbows      | 1 |  1.7
Throwing       | 1 |  1.7
Stealth        | 1 |  1.7
Shields        | 1 |  1.7
Unarmed Combat | 1 |  1.7
Evocations     | 1 |  1.7
Conjurations   | 1 |  1.3
Hexes          | 1 |  1.3
Summonings     | 1 |  1.3
Necromancy     | 1 |  1.3
Translocations | 1 |  1.3
Transmutations | 1 |  1.3
Fire Magic     | 1 |  1.3
Ice Magic      | 1 |  1.3
Air Magic      | 1 |  1.3
Earth Magic    | 1 |  1.3
Poison Magic   | 1 |  1.3
Armour         | 3 |  3.1
Fighting       | |  4.9
Polearms       | |  4.9
Dodging        | |  4.9
Charms         | |  5.6

Action                   |  1- 3 |  4- 6 || total
-------------------------+-------+-------++-------
Melee: Spear             |    91 |   213 ||   304
       Bite              |     3 |    13 ||    16
       Punch             |       |     1 ||     1
 Cast: Infusion          |     9 |     6 ||    15
       Spectral Weapon   |       |     1 ||     1
       Regeneration      |       |     1 ||     1
  Use: Scroll            |       |     1 ||     1
 Stab: Sleeping          |     6 |     9 ||    15
  Eat: Chunk             |       |     7 ||     7
Armor: Leather armour    |    11 |    28 ||    39
Dodge: Dodged            |    48 |   131 ||   179
